Map: Orbital Shipyard

Players

LilDicky

  • Race: Terran Terran
  • League: Diamond

FapperDupley - Winner!

  • Race: Protoss Protoss
  • League: Diamond

VOD

http://www.twitch.tv/tumescentpie

Description

Time

  • Played on: Jan. 1, 2016, 11:57 p.m.
  • Length: 5:30
Show
View Real Time Build Order
Export as new Build Order

LilDicky Terran 

Build Orders: MMM Bio 

Get SALT Encoding   

  12  0:02  SCV  
  13  0:14  SCV  
  14  0:22  Supply Depot  
  14  0:26  SCV  
  15  0:44  SCV  
  15  0:47  Barracks  
  16  0:56  SCV  
  17  1:00  Refinery  
  17  1:08  SCV  
  18  1:20  SCV  
  20  1:34  Marine  
  20  1:35  Supply Depot  
  20  1:36  Orbital Command  
  20  1:52  Marine  
  21  2:01  Barracks  
  21  2:07  SCV  
  21  2:08  Barracks  
  22  2:10  Refinery  
  22  2:16  Barracks Reactor  
  22  2:19  SCV  
  23  2:23  Factory  
  23  2:31  SCV  
  24  2:41  Supply Depot  
  24  2:43  SCV  
  25  2:55  SCV, Barracks Tech Lab x2  
  26  2:58  Marine  
  26  2:59  Marine  
  26  3:01  Supply Depot  
  28  3:07  Starport  
  28  3:08  SCV  
  28  3:12  Hellion  
  31  3:14  Marine x2  
  31  3:16  Marine  
  34  3:20  SCV  
  34  3:25  Stimpack, Marine  
  36  3:30  Supply Depot  
  36  3:32  SCV  
  37  3:37  Marine x2  
  39  3:41  Combat Shields  
  39  3:48  Supply Depot  
  39  3:50  Marine  
  39  3:51  Marine  
  41  3:56  Marine x2  
  41  4:01  Medivac  
  45  4:03  SCV  
  46  4:11  Supply Depot  
  46  4:13  Marine  
  46  4:16  Marauder  
  49  4:25  Widow Mine, Marine x2  
  49  4:31  Marine  
  54  4:40  Marauder  
  54  4:41  Medivac  
  54  4:43  Marauder  
  60  4:48  SCV  
  60  4:50  Supply Depot  
  60  4:52  Marine x2  
  63  5:00  SCV  
  63  5:01  Marine  
  63  5:04  Marine  
Show
View Real Time Build Order
Export as new Build Order

FapperDupley Protoss - Winner!

Build Orders:  

Get SALT Encoding   

  12  0:01  Probe (Chrono Boost)  
  13  0:11  Probe (Chrono Boost)  
  14  0:19  Pylon  
  14  0:22  Probe (Chrono Boost)  
  15  0:37  Probe (Chrono Boost)  
  15  0:40  Gateway  
  16  0:46  Assimilator  
  16  0:48  Probe (Chrono Boost)  
  17  0:57  Pylon  
  17  0:58  Probe (Chrono Boost)  
  18  1:09  Probe (Chrono Boost)  
  19  1:20  Probe (Chrono Boost)  
  20  1:28  Cybernetics Core, Zealot  
  20  1:30  Probe (Chrono Boost)  
  23  1:41  Probe (Chrono Boost)  
  24  1:51  Probe (Chrono Boost)  
  25  2:02  Probe (Chrono Boost)  
  25  2:06  Nexus  
  26  2:13  Mothership Core (Chrono Boost)  
  28  2:17  Pylon  
  28  2:25  Assimilator  
  28  2:28  Sentry  
  30  2:31  Probe (Chrono Boost)  
  31  2:41  Probe (Chrono Boost)  
  32  2:47  Warp Gate  
  32  2:52  Probe (Chrono Boost)  
  32  2:54  Adept  
  35  3:02  Probe (Chrono Boost)  
  36  3:13  Probe (Chrono Boost)  
  37  3:22  Probe (Chrono Boost), Stargate  
  37  3:24  Probe (Chrono Boost)  
  40  3:34  Probe (Chrono Boost)  
  40  3:35  Probe (Chrono Boost)  
  40  3:41  Sentry  
  43  3:42  Nexus  
  43  3:45  Probe (Chrono Boost)  
  45  3:48  Probe (Chrono Boost)  
  45  3:56  Gateway, Probe (Chrono Boost)  
  45  3:58  Gateway  
  47  4:02  Probe (Chrono Boost)  
  47  4:05  Phoenix  
  47  4:09  Pylon  
  49  4:11  Probe (Chrono Boost)  
  49  4:13  Probe (Chrono Boost)  
  51  4:22  Probe (Chrono Boost)  
  51  4:23  Probe (Chrono Boost)  
  52  4:35  Oracle (Chrono Boost)  
  55  4:54  Pylon  
  55  4:56  Adept x2  
  55  4:57  Probe  
  55  4:59  Probe  
  60  5:00  Probe  
  61  5:10  Adept  
  63  5:21  Adept x2  
Tags
 
Add a new tag
Caveats
  • Supply blocks, unpowered buildings, or Contaminate may cause inaccurate times.
  • Supply counts are checked every 10 seconds.